Map: Piattaforma kimerana

Players

Turbulence - Winner!

  • Race: Protoss Protoss
  • Spawn Location: 6:00

ZEKO - Winner!

  • Race: Terran Terran
  • Spawn Location: 6:00

DeathTemplar - Winner!

  • Race: Protoss Protoss
  • Spawn Location: 5:00

ThePaYsous - Winner!

  • Race: Zerg Zerg
  • League: Platinum
  • Spawn Location: 7:00

Jhyrachy

  • Race: Zerg Zerg
  • League: Gold
  • Spawn Location: 12:00

raider

  • Race: Terran Terran
  • Spawn Location: 1:00

Niki

  • Race: Zerg Zerg
  • Spawn Location: 11:00

designtector

  • Race: Protoss Protoss
  • Spawn Location: 12:00

VOD

Have the link to the VOD?

Description

Time

  • Played on: May 27, 2016, 5:05 p.m.
  • Length: 16:48
Show
View Real Time Build Order
Export as new Build Order

Turbulence Protoss - Winner!

Build Orders: Cannon Rush 

Get SALT Encoding   

  12  0:04  Probe (Chrono Boost)  
  13  0:16  Pylon  
  13  0:35  Forge  
  13  0:39  Probe (Chrono Boost)  
  15  0:50  Probe (Chrono Boost)  
  15  0:58  Pylon  
  15  1:00  Probe (Chrono Boost)  
  16  1:06  Pylon  
  16  1:11  Pylon  
  16  1:21  Photon Cannon  
  16  1:32  Photon Cannon  
  16  1:40  Photon Cannon  
  16  1:55  Photon Cannon  
  16  2:28  Pylon  
  16  2:48  Photon Cannon  
  16  2:51  Photon Cannon  
  16  2:55  Pylon  
  16  3:08  Photon Cannon  
  16  3:14  Photon Cannon  
  15  3:22  Pylon  
  10  3:45  Nexus  
  2  5:02  Nexus  
  1  6:50  Probe (Chrono Boost)  
  2  7:01  Probe (Chrono Boost)  
  3  7:11  Probe (Chrono Boost)  
  4  7:22  Probe (Chrono Boost)  
  5  7:49  Probe (Chrono Boost)  
  6  8:00  Probe (Chrono Boost)  
  7  8:10  Probe (Chrono Boost)  
  8  8:21  Probe (Chrono Boost)  
  9  8:40  Probe (Chrono Boost)  
  10  8:48  Assimilator  
  10  8:50  Probe (Chrono Boost)  
  10  8:55  Assimilator  
  11  9:01  Probe (Chrono Boost)  
  12  9:12  Probe (Chrono Boost)  
  13  9:22  Probe (Chrono Boost)  
  14  9:33  Probe (Chrono Boost)  
  15  9:43  Probe (Chrono Boost)  
  16  9:52  Nexus  
  16  9:56  Pylon  
  17  10:00  Probe (Chrono Boost)  
  17  10:01  Pylon  
  17  10:10  Probe (Chrono Boost)  
  18  10:21  Probe (Chrono Boost)  
  19  10:31  Probe (Chrono Boost)  
  20  10:40  Assimilator  
  20  10:42  Probe (Chrono Boost)  
  21  10:44  Assimilator  
  21  10:54  Gateway  
  21  11:00  Gateway  
  21  11:03  Probe (Chrono Boost)  
  22  11:09  Probe (Chrono Boost)  
  23  11:14  Probe (Chrono Boost)  
  24  11:19  Probe (Chrono Boost)  
  25  11:39  Gateway  
  25  11:42  Gateway  
  25  11:50  Cybernetics Core  
  25  11:51  Zealot  
  25  11:52  Zealot  
  29  12:00  Probe (Chrono Boost)  
  30  12:10  Probe (Chrono Boost)  
  31  12:21  Probe (Chrono Boost)  
  32  12:25  Zealot x2  
  32  12:27  Zealot  
  32  12:29  Zealot  
  40  12:32  Probe (Chrono Boost)  
  41  12:38  Twilight Council  
  41  12:42  Probe (Chrono Boost)  
  42  12:53  Probe (Chrono Boost), Protoss Ground Weapons Level 1 (Chrono Boost)  
  43  13:01  Zealot  
  43  13:03  Probe (Chrono Boost)  
  46  13:13  Probe (Chrono Boost)  
  47  13:20  Zealot x3  
  47  13:23  Charge (Chrono Boost)  
  47  13:25  Probe  
  54  13:37  Pylon  
  54  13:39  Pylon  
  54  13:44  Pylon  
  54  13:50  Pylon  
  54  13:54  Pylon  
  54  13:55  Zealot x3  
  60  13:57  Pylon  
  60  14:01  Zealot  
  62  14:22  Zealot x2  
  66  14:26  Zealot  
  66  14:28  Zealot  
  70  14:49  Zealot x2  
  74  14:53  Zealot  
  74  14:55  Zealot  
  78  15:16  Zealot x2  
  78  15:20  Zealot  
  78  15:23  Zealot  
  80  15:43  Zealot x2  
  80  15:47  Zealot  
  86  15:50  Zealot  
  88  16:10  Zealot x2  
  86  16:14  Zealot  
  86  16:17  Zealot  
Show
View Real Time Build Order
Export as new Build Order

ZEKO Terran - Winner!

Build Orders: MMM Bio 

Get SALT Encoding   

  12  0:03  SCV  
  13  0:15  SCV  
  14  0:23  Supply Depot  
  14  0:27  SCV  
  15  0:43  Refinery  
  15  0:47  Barracks  
  15  0:49  SCV  
  16  1:01  Supply Depot  
  16  1:02  SCV  
  17  1:15  SCV  
  18  1:41  Barracks Tech Lab  
  18  1:43  Engineering Bay  
  18  1:46  Orbital Command  
  18  2:00  Barracks, Stimpack  
  18  2:01  Marine  
  19  2:16  SCV  
  19  2:18  Refinery  
  19  2:19  Marine  
  21  2:32  Factory  
  21  2:34  SCV  
  22  2:46  SCV  
  22  2:51  Marine  
  23  2:53  Barracks Reactor  
  24  3:10  Sensor Tower  
  24  3:13  Marine  
  24  3:16  SCV  
  26  3:20  Factory Tech Lab  
  26  3:28  SCV  
  26  3:29  Supply Depot  
  27  3:35  Marine x2  
  27  3:36  Marine  
  30  3:43  Missile Turret  
  30  3:45  Missile Turret  
  30  3:49  SCV  
  30  3:55  Armory  
  31  3:59  Marine x3  
  31  4:01  Combat Shields  
  34  4:17  Marine  
  30  5:22  Marine x3  
  30  5:28  Terran Infantry Weapons Level 1  
  33  5:36  Engineering Bay  
  33  5:38  SCV  
  33  5:39  Marine  
  33  5:40  Marine x2  
  37  5:44  Command Center  
  37  5:49  Terran Vehicle Weapons Level 1  
  37  5:50  SCV  
  37  5:56  Supply Depot  
  38  5:57  Supply Depot  
  38  6:01  Marine  
  39  6:05  Terran Infantry Armor Level 1  
  39  6:09  Supply Depot  
  39  6:17  Thor  
  44  6:58  Orbital Command  
  44  7:10  Sensor Tower  
  44  7:11  Thor  
  44  7:14  Marine x3  
  53  7:24  Terran Infantry Weapons Level 2  
  53  7:32  Marine x3, Orbital Command  
  53  7:35  Refinery  
  56  7:53  Thor  
  62  8:00  Refinery  
  62  8:03  SCV  
  63  8:12  Supply Depot  
  63  8:18  SCV  
  64  8:21  SCV  
  64  8:24  Marine x3  
  68  8:34  Supply Depot  
  68  8:41  Marine  
  68  8:42  Marine x2  
  71  8:50  SCV  
  72  8:58  Terran Vehicle Weapons Level 2  
  72  8:59  Thor  
  78  9:04  Supply Depot  
  78  9:07  Marine x2  
  78  9:08  Marine  
  81  9:18  Barracks  
  81  9:20  Terran Infantry Armor Level 2  
  81  9:25  Marine x3  
  81  9:26  Supply Depot, SCV  
  85  9:50  Marine x3  
  88  9:54  Thor  
  94  10:02  Supply Depot  
  94  10:07  Barracks  
  94  10:08  Marine x3  
  97  10:15  Terran Infantry Weapons Level 3  
  97  10:20  Barracks Reactor  
  97  10:24  Supply Depot  
  97  10:45  Thor  
  97  10:46  Marine x3  
  97  10:47  Supply Depot  
  106  10:54  Barracks Reactor  
  106  10:56  Marine x2  
  108  11:02  Supply Depot  
  108  11:04  Marine x3  
  108  11:09  Supply Depot  
  111  11:16  Terran Vehicle Weapons Level 3  
  111  11:27  Thor  
  111  11:29  Marine x2  
  111  11:30  Marine x4  
  111  11:31  Marine  
  124  11:39  Terran Infantry Armor Level 3  
  124  11:45  Supply Depot  
  124  11:46  Supply Depot  
  124  12:09  Supply Depot  
  124  12:11  Supply Depot  
  124  12:14  Thor  
  130  12:17  Marine x3  
  130  12:18  Marine x4  
  137  12:35  Marine x4  
  137  12:36  Marine x3  
  144  12:40  Supply Depot  
  144  12:41  Supply Depot  
  144  12:53  Marine x6  
  144  12:54  Marine  
  151  13:11  Marine  
  152  13:17  Marine x6  
  152  13:19  Thor  
  164  13:28  Marine  
  165  13:34  Marine  
  165  13:37  Marine  
  165  13:38  Marine x4  
  171  13:46  Marine  
  172  13:53  Terran Vehicle And Ship Armor Level 1  
  172  14:02  Thor  
  104  15:00  Marine x7  
  99  15:18  Marine x7  
  95  15:38  Marine x7  
  97  15:52  Orbital Command  
  97  15:55  Marine  
  97  15:56  Marine x2  
Show
View Real Time Build Order
Export as new Build Order

DeathTemplar Protoss - Winner!

Build Orders:  

Get SALT Encoding   

  12  0:02  Probe (Chrono Boost)  
  13  0:13  Probe (Chrono Boost)  
  14  0:21  Pylon  
  14  0:37  Probe (Chrono Boost)  
  15  0:47  Probe (Chrono Boost), Gateway  
  16  0:55  Forge  
  16  1:02  Assimilator  
  16  1:04  Probe (Chrono Boost)  
  17  1:15  Probe (Chrono Boost)  
  19  1:25  Probe (Chrono Boost)  
  19  1:36  Zealot, Photon Cannon  
  21  1:53  Probe (Chrono Boost)  
  22  1:57  Assimilator  
  22  2:04  Probe (Chrono Boost)  
  23  2:15  Pylon  
  23  2:18  Cybernetics Core  
  23  2:33  Zealot, Probe (Chrono Boost)  
  26  2:50  Photon Cannon  
  26  2:52  Photon Cannon  
  26  3:00  Zealot  
  26  3:31  Photon Cannon  
  28  3:35  Stalker (Chrono Boost)  
  28  3:55  Photon Cannon  
  28  4:02  Stalker (Chrono Boost), Pylon  
  30  4:10  Photon Cannon  
  30  4:24  Stargate  
  30  4:28  Stalker (Chrono Boost)  
  32  4:32  Photon Cannon  
  32  4:54  Stalker (Chrono Boost)  
  34  5:02  Photon Cannon  
  34  5:11  Photon Cannon  
  34  5:14  Void Ray  
  38  5:26  Pylon  
  38  5:42  Nexus  
  38  5:45  Stalker (Chrono Boost)  
  40  5:56  Void Ray (Chrono Boost)  
  44  6:11  Stalker (Chrono Boost)  
  42  6:36  Probe  
  42  6:39  Void Ray (Chrono Boost)  
  47  6:43  Pylon  
  47  6:54  Probe  
  48  7:06  Probe  
  49  7:16  Void Ray (Chrono Boost)  
  49  7:18  Probe  
  54  7:30  Probe  
  54  7:34  Probe  
  54  7:37  Assimilator  
  56  7:40  Assimilator  
  56  7:45  Probe  
  57  7:55  Probe  
  58  8:06  Probe  
  59  8:16  Probe  
  59  8:18  Fleet Beacon  
  60  8:22  Protoss Air Weapons Level 1 (Chrono Boost)  
  60  8:29  Stargate  
  60  8:30  Stargate  
  60  8:45  Nexus  
  60  8:56  Probe  
  61  9:06  Probe  
  62  9:15  Void Ray x2  
  70  9:24  Pylon  
  70  9:27  Pylon  
  70  9:32  Pylon  
  70  9:41  Probe  
  70  9:45  Pylon  
  71  9:48  Pylon  
  71  9:51  Probe  
  71  9:54  Void Ray (Chrono Boost)  
  76  10:02  Assimilator  
  76  10:05  Void Ray (Chrono Boost)  
  76  10:06  Assimilator  
  76  10:08  Protoss Air Armor Level 1 (Chrono Boost)  
  76  10:13  Void Ray  
  84  10:24  Probe  
  85  10:36  Probe, Void Ray (Chrono Boost)  
  90  10:48  Probe  
  91  11:01  Cybernetics Core  
  91  11:07  Void Ray (Chrono Boost)  
  91  11:13  Void Ray (Chrono Boost)  
  91  11:15  Void Ray (Chrono Boost)  
  103  11:46  Void Ray (Chrono Boost)  
  103  11:48  Protoss Air Weapons Level 2 (Chrono Boost)  
  103  11:51  Void Ray (Chrono Boost)  
  103  11:53  Void Ray (Chrono Boost)  
  107  11:55  Protoss Air Armor Level 2 (Chrono Boost)  
  115  12:28  Void Ray (Chrono Boost)  
  115  12:29  Void Ray (Chrono Boost)  
  123  12:48  Pylon  
  123  12:51  Pylon  
  123  13:08  Void Ray (Chrono Boost)  
  131  13:28  Void Ray (Chrono Boost)  
  135  14:05  Void Ray (Chrono Boost)  
  135  14:07  Void Ray (Chrono Boost)  
  131  14:20  Void Ray (Chrono Boost)  
  123  14:42  Void Ray (Chrono Boost)  
  127  14:50  Void Ray (Chrono Boost)  
  119  15:19  Void Ray (Chrono Boost)  
  127  15:33  Void Ray (Chrono Boost)  
  127  15:52  Void Ray (Chrono Boost)  
  127  15:56  Void Ray (Chrono Boost)  
Show
View Real Time Build Order
Export as new Build Order

ThePaYsous Zerg - Winner!

Build Orders: Pool First 

Get SALT Encoding   

  12  0:01  Drone  
  13  0:14  Overlord  
  13  0:20  Drone  
  14  0:33  Drone x2  
  16  0:42  Spawning Pool  
  15  0:51  Drone x2  
  17  1:04  Extractor  
  16  1:05  Drone  
  16  1:08  Extractor  
  16  1:14  Drone  
  17  1:23  Drone  
  18  1:29  Queen  
  20  1:43  Hatchery  
  20  1:45  Drone  
  20  1:48  Drone  
  21  2:00  Overlord  
  21  2:15  Drone  
  22  2:20  Lair  
  22  2:28  Drone  
  22  2:29  Overlord  
  23  2:37  Drone  
  24  2:46  Drone x2  
  24  2:47  Drone  
  27  2:59  Queen  
  27  3:02  Extractor  
  28  3:06  Extractor  
  28  3:10  Drone x2  
  28  3:11  Drone  
  30  3:29  Drone x4  
  34  3:39  Spire  
  34  3:41  Drone  
  34  3:42  Drone  
  35  3:50  Drone x2  
  35  3:51  Drone  
  38  4:03  Drone x4  
  38  4:06  Overlord  
  42  4:23  Drone x2  
  44  4:45  Drone x2  
  46  4:52  Mutalisk  
  46  4:53  Mutalisk x2  
  46  4:55  Overlord  
  46  4:56  Overlord x2  
  52  5:03  Zerg Flyer Weapons Level 1  
  52  5:20  Mutalisk  
  52  5:21  Mutalisk x7  
  54  5:24  Drone x3  
  71  5:30  Overlord  
  71  5:46  Mutalisk  
  71  5:47  Mutalisk  
  75  5:50  Hatchery  
  74  6:05  Spore Crawler  
  74  6:11  Corruptor x4  
  81  6:22  Spore Crawler  
  80  6:36  Mutalisk x2  
  80  6:38  Overlord x5  
  84  7:04  Zerg Flyer Weapons Level 2  
  84  7:07  Corruptor x2  
  86  7:37  Corruptor x3  
  90  7:52  Drone x8  
  98  8:18  Mutalisk  
  98  8:19  Mutalisk x3  
  94  8:35  Hatchery  
  94  8:37  Extractor  
  94  8:40  Extractor, Mutalisk x3  
  95  9:15  Mutalisk  
  95  9:16  Mutalisk x3  
  103  9:30  Corruptor  
  105  9:48  Mutalisk  
  107  10:22  Queen  
  109  10:28  Spore Crawler  
  109  10:29  Spore Crawler  
  109  10:31  Drone x5  
  109  10:32  Drone x2  
  114  10:36  Mutalisk x2  
  114  10:40  Zerg Flyer Armor Level 1  
  118  10:56  Infestation Pit  
  115  11:05  Overseer  
  115  11:06  Overseer  
  115  11:09  Overlord  
  115  11:10  Overlord x4  
  113  12:04  Overseer x2  
  113  12:08  Mutalisk x5  
  111  12:09  Corruptor, Mutalisk x2  
  111  12:10  Corruptor x2  
  131  12:17  Queen  
  133  12:40  Pneumatized Carapace  
  129  12:57  Mutalisk x3  
  129  12:58  Mutalisk x5  
  141  13:01  Overlord x7  
  145  13:23  Overseer  
  145  13:24  Overseer  
  133  14:23  Mutalisk x6  
  133  14:24  Corruptor x2, Mutalisk x2  
  121  14:27  Hive  
  123  14:54  Mutalisk x2  
  123  14:55  Mutalisk x4  
  127  15:21  Mutalisk x3  
  129  15:35  Mutalisk  
  123  15:49  Hatchery  
  122  16:03  Overseer  
  122  16:04  Overseer  
  122  16:20  Extractor  
  122  16:21  Hatchery  
  120  16:26  Extractor  
Show
View Real Time Build Order
Export as new Build Order

Jhyrachy Zerg 

Build Orders: Hatch First, Lurkers 

Get SALT Encoding   

  12  0:01  Drone  
  13  0:10  Drone  
  14  0:17  Overlord  
  14  0:35  Drone x3  
  17  0:57  Drone  
  17  1:00  Hatchery, Extractor  
  17  1:02  Drone  
  17  1:09  Drone  
  18  1:21  Spawning Pool  
  17  1:26  Drone  
  18  1:39  Drone  
  19  1:42  Drone  
  20  1:51  Overlord  
  20  2:19  Drone x2  
  20  2:20  Drone  
  20  2:22  Queen  
  25  2:23  Queen  
  25  2:25  Drone x2  
  25  2:28  Extractor  
  28  2:34  Drone x2  
  30  2:49  Extractor  
  29  2:58  Drone  
  29  2:59  Drone x3  
  33  3:07  Lair  
  33  3:08  Drone  
  33  3:09  Drone  
  35  3:26  Drone  
  36  3:28  Overlord  
  36  3:29  Overlord  
  36  3:47  Extractor  
  35  4:10  Queen  
  37  4:17  Hydralisk Den  
  36  4:25  Spine Crawler  
  35  5:00  Drone  
  35  5:01  Drone x10  
  35  5:02  Drone  
  47  5:09  Lurker Den  
  47  5:20  Hatchery  
  46  5:59  Hydralisk x3  
  46  6:01  Overlord  
  46  6:02  Overlord, Pneumatized Carapace  
  52  6:24  Spore Crawler  
  51  6:25  Spore Crawler  
  51  6:29  Spore Crawler  
  49  6:34  Spore Crawler  
  49  6:38  Spore Crawler  
  47  6:40  Spore Crawler  
  47  6:42  Spore Crawler  
  47  6:45  Spore Crawler  
  44  6:48  Lurker  
  44  6:49  Lurker x2  
  44  6:53  Hydralisk  
  44  6:54  Hydralisk x12  
  73  7:24  Overlord x3  
  73  7:35  Queen, Extractor  
  74  7:50  Hydralisk x9  
  92  7:54  Queen x2  
  96  8:19  Drone x2  
  98  9:00  Hatchery, Drone  
  98  9:18  Muscular Augments  
  98  10:23  Hydralisk x3  
  98  10:25  Overlord x2  
  98  10:26  Overlord x4  
  104  10:31  Evolution Chamber  
  104  10:34  Evolution Chamber  
  103  10:35  Drone  
  103  10:36  Drone  
  104  11:10  Zerg Ground Armor Level 1, Zerg Missile Weapons Level 1  
  104  11:13  Drone  
  104  11:14  Drone x12  
  104  11:16  Drone x8  
  104  11:17  Drone x6  
  129  12:00  Hydralisk x11  
  151  12:08  Extractor  
  151  12:11  Extractor  
  151  12:12  Drone  
  151  12:13  Drone x2  
  152  12:49  Infestation Pit  
  151  13:11  Spore Crawler  
  150  13:15  Spore Crawler  
  150  13:17  Spore Crawler x2  
  147  13:30  Extractor  
  132  14:01  Lurker x3  
  132  14:02  Lurker  
  136  14:06  Zerg Missile Weapons Level 2, Zerg Ground Armor Level 2  
  107  15:06  Hydralisk x2  
  107  15:07  Hydralisk x16  
  109  15:08  Hydralisk x2  
  83  15:38  Lurker  
  83  15:39  Lurker  
  83  15:42  Hydralisk  
  44  15:43  Hydralisk x19  
  44  15:44  Hydralisk x2  
  44  15:48  Spine Crawler  
  79  16:09  Lurker  
  79  16:10  Lurker x10  
Show
View Real Time Build Order
Export as new Build Order

raider Terran 

Build Orders:  

Get SALT Encoding   

  12  0:05  SCV  
  13  0:17  SCV  
  14  0:29  SCV  
  14  0:32  Supply Depot  
  15  0:53  SCV  
  15  0:55  Barracks  
  16  1:05  SCV  
  17  1:32  Barracks  
  17  1:44  Marine  
  18  2:02  Marine  
  18  2:07  Orbital Command  
  19  2:25  Barracks  
  19  2:43  Marine  
  19  2:44  Marine  
  21  2:52  Supply Depot x2  
  21  3:01  Marine x2  
  23  3:15  Marine  
  23  3:16  Supply Depot  
  23  3:19  Marine x2  
  26  3:33  Marine  
  27  3:38  Orbital Command  
  27  4:23  Refinery  
  25  4:25  Refinery  
  24  4:44  Marine x3  
  27  4:52  Bunker  
  27  5:01  Marine  
  27  5:02  Marine  
  29  5:18  Factory  
  28  5:35  Bunker  
  28  5:37  SCV  
  29  5:49  SCV  
  30  6:02  Factory Tech Lab  
  30  6:40  Engineering Bay  
  30  6:58  Supply Depot  
  30  7:02  Supply Depot  
  30  7:08  Missile Turret  
  30  7:11  Missile Turret  
  30  7:20  Siege Tank  
  31  7:56  Missile Turret  
  29  8:22  Widow Mine  
  31  8:50  Widow Mine  
  33  8:57  Missile Turret  
  27  9:20  Armory  
  27  9:41  Widow Mine  
  29  10:00  Supply Depot  
  29  10:10  Thor  
  29  10:12  Terran Vehicle Weapons Level 1  
  35  10:15  Missile Turret  
  35  10:26  Factory  
  35  10:53  Thor  
  41  11:10  Factory Tech Lab  
  41  11:21  Supply Depot  
  41  11:45  Thor  
  47  12:09  Terran Vehicle Weapons Level 2  
  47  12:17  Siege Tank  
  44  12:56  Widow Mine  
  46  13:19  Thor  
  52  13:24  Widow Mine  
  54  13:53  Siege Tank  
  41  14:49  Siege Tank  
Show
View Real Time Build Order
Export as new Build Order

Niki Zerg 

Build Orders: Pool First 

Get SALT Encoding   

  12  0:03  Drone  
  13  0:10  Drone  
  14  0:31  Spawning Pool  
  14  0:33  Drone  
  14  0:38  Overlord  
  14  0:56  Drone x2  
  16  1:14  Hatchery  
  15  1:18  Zergling x4  
  15  1:25  Extractor  
  16  1:27  Zergling x2  
  17  1:34  Zergling x2  
  17  1:39  Queen  
  20  1:42  Zergling x2  
  21  2:24  Hatchery  
  21  2:26  Extractor  
  19  2:40  Queen  
  19  2:41  Drone x2  
  23  2:55  Extractor  
  22  3:02  Drone x2  
  24  3:06  Drone  
  24  3:09  Drone  
  26  3:13  Hatchery  
  25  3:20  Drone x2  
  27  3:45  Drone x3  
  30  3:51  Metabolic Boost  
  30  3:54  Drone x3  
  32  4:40  Drone x3  
  32  4:41  Drone x2  
  32  4:44  Lair  
  32  4:45  Drone x3  
  40  4:50  Overlord  
  40  4:56  Overlord x2  
  40  5:08  Extractor  
  39  5:15  Drone x5  
  39  5:19  Drone x3  
  47  5:28  Queen  
  47  5:29  Drone x3  
  52  5:37  Overlord x2  
  52  5:39  Pneumatized Carapace  
  52  5:45  Drone x2  
  54  5:56  Hydralisk Den  
  53  6:03  Zergling x2  
  54  6:06  Drone x3  
  52  6:14  Queen  
  52  6:16  Zergling x2  
  52  6:17  Zergling x2  
  50  6:21  Queen  
  50  6:22  Queen  
  48  6:25  Hydralisk  
  48  6:26  Hydralisk x2  
  43  6:44  Hydralisk x2  
  43  6:45  Hydralisk  
  35  7:16  Hydralisk x2  
  37  7:25  Drone x2  
  37  7:26  Drone x4  
  35  7:36  Drone  
  35  7:37  Drone x2  
  32  8:09  Spore Crawler  
  31  8:26  Overlord x7  
  31  8:27  Overlord  
  25  8:49  Drone x4  
  25  8:50  Drone x2  
  30  8:57  Spore Crawler x2  
  30  8:59  Queen  
  30  9:00  Queen  
  32  9:04  Drone x5  
  32  9:05  Drone  
  38  9:11  Spore Crawler  
  38  9:12  Spore Crawler  
  36  9:17  Spore Crawler  
  36  9:22  Drone x2  
  37  9:25  Extractor  
  27  9:31  Spore Crawler  
  27  9:33  Spore Crawler  
  25  9:41  Muscular Augments  
  25  9:44  Drone x2  
  23  9:48  Spore Crawler  
  22  9:54  Hydralisk x2  
  26  10:00  Spawning Pool  
  26  10:02  Drone  
  26  10:03  Drone x2  
  28  10:08  Extractor  
  27  10:14  Drone x3  
  30  10:23  Spawning Pool  
  29  10:32  Drone x2  
  31  10:36  Drone x2  
  31  10:41  Hatchery  
  31  10:42  Drone x2  
  34  10:55  Hatchery  
  33  11:13  Drone x3  
  31  11:27  Queen  
  31  11:28  Hydralisk  
  35  11:38  Evolution Chamber  
  34  11:45  Evolution Chamber  
  33  11:50  Spore Crawler, Evolution Chamber  
  31  11:56  Spore Crawler  
  31  11:57  Drone x3  
  33  12:11  Hydralisk x4  
  33  12:14  Zerg Missile Weapons Level 1  
  41  12:16  Zerg Melee Weapons Level 1  
  41  12:18  Zerg Ground Armor Level 1  
  41  12:39  Drone  
  41  12:40  Hatchery, Drone x4  
  41  12:41  Drone  
  46  12:52  Infestation Pit  
  46  12:53  Hydralisk  
  47  13:06  Drone x3  
  50  13:17  Spore Crawler  
  50  13:19  Spore Crawler  
  48  13:36  Spore Crawler x2  
  48  13:39  Hatchery, Spore Crawler  
  44  13:55  Hydralisk x3  
  46  13:57  Spore Crawler  
  46  14:01  Spore Crawler  
  46  14:33  Hydralisk x4  
  46  14:34  Hydralisk x3  
  42  14:48  Hydralisk x3  
  48  15:19  Hydralisk  
  48  15:20  Hydralisk x8  
  54  15:30  Queen  
  54  15:31  Queen  
  54  15:32  Hydralisk x3  
  56  15:36  Hive, Hydralisk  
  56  15:39  Hydralisk x4  
  58  16:03  Hydralisk x4  
  36  16:20  Hydralisk x2  
Show
View Real Time Build Order
Export as new Build Order

designtector Protoss 

Build Orders: Forge Fast Expand (FFE) 

Get SALT Encoding   

  12  0:01  Probe (Chrono Boost)  
  13  0:15  Pylon  
  13  0:18  Probe (Chrono Boost)  
  14  0:34  Forge  
  14  0:36  Probe (Chrono Boost)  
  15  0:47  Probe (Chrono Boost)  
  16  0:57  Probe (Chrono Boost)  
  17  1:09  Photon Cannon  
  17  1:11  Pylon  
  17  1:38  Probe (Chrono Boost)  
  18  1:43  Nexus  
  18  1:48  Pylon  
  18  1:57  Photon Cannon  
  18  2:10  Photon Cannon  
  18  2:16  Photon Cannon  
  18  2:23  Pylon  
  18  2:36  Pylon  
  18  2:46  Photon Cannon  
  18  2:47  Photon Cannon  
  18  2:51  Pylon  
  18  2:59  Probe x2 (Chrono Boost)  
  20  3:08  Photon Cannon  
  20  3:18  Photon Cannon  
  20  3:24  Pylon  
  20  3:30  Probe (Chrono Boost)  
  20  3:31  Probe (Chrono Boost)  
  22  3:40  Photon Cannon  
  22  3:53  Photon Cannon  
  22  3:55  Pylon  
  22  4:02  Assimilator  
  22  4:05  Assimilator  
  22  4:08  Probe (Chrono Boost)  
  22  4:09  Probe (Chrono Boost)  
  24  4:19  Probe (Chrono Boost)  
  24  4:20  Photon Cannon  
  25  4:27  Pylon  
  25  4:47  Photon Cannon  
  25  4:54  Photon Cannon  
  25  5:01  Photon Cannon  
  24  5:13  Assimilator  
  24  5:16  Assimilator  
  24  5:21  Gateway  
  24  5:26  Probe (Chrono Boost)  
  25  5:32  Pylon  
  25  5:35  Pylon  
  25  5:37  Probe (Chrono Boost)  
  26  5:44  Pylon  
  26  5:47  Probe (Chrono Boost)  
  27  5:58  Probe (Chrono Boost)  
  28  6:08  Probe (Chrono Boost)  
  28  6:09  Cybernetics Core  
  29  6:13  Probe (Chrono Boost)  
  30  6:19  Probe (Chrono Boost), Photon Cannon  
  30  6:21  Photon Cannon  
  30  6:23  Probe (Chrono Boost)  
  32  6:29  Probe (Chrono Boost)  
  33  6:34  Probe (Chrono Boost), Photon Cannon  
  33  6:36  Photon Cannon  
  35  6:40  Probe (Chrono Boost)  
  35  6:44  Probe (Chrono Boost)  
  36  6:50  Probe (Chrono Boost)  
  37  6:55  Probe (Chrono Boost)  
  37  6:56  Stargate  
  37  6:58  Stargate  
  37  6:59  Photon Cannon  
  38  7:13  Probe (Chrono Boost)  
  39  7:24  Probe (Chrono Boost)  
  40  7:40  Void Ray (Chrono Boost)  
  40  7:41  Void Ray (Chrono Boost)  
  48  7:51  Stargate  
  48  8:07  Photon Cannon  
  48  8:12  Stargate  
  48  8:15  Mothership Core  
  48  8:19  Fleet Beacon  
  50  8:23  Pylon  
  50  8:25  Void Ray (Chrono Boost)  
  58  8:27  Void Ray (Chrono Boost)  
  58  9:14  Carrier (Chrono Boost)  
  76  9:22  Graviton Catapult  
  76  9:25  Carrier (Chrono Boost)  
  76  9:26  Carrier (Chrono Boost)  
  64  10:25  Carrier (Chrono Boost)  
  73  11:54  Pylon  
  73  12:00  Pylon  
  73  12:01  Pylon  
  73  12:21  Carrier x2 (Chrono Boost)  
  97  12:28  Photon Cannon  
  97  12:31  Carrier (Chrono Boost)  
  97  12:32  Carrier (Chrono Boost)  
  97  12:34  Photon Cannon  
  97  12:35  Photon Cannon  
  97  12:37  Photon Cannon  
  97  12:39  Photon Cannon  
  97  13:04  Pylon  
  97  13:06  Pylon  
  97  13:08  Pylon  
  97  13:11  Pylon  
  97  13:13  Pylon  
Tags
 
Add a new tag
Caveats
  • Supply blocks, unpowered buildings, or Contaminate may cause inaccurate times.
  • Supply counts are checked every 10 seconds.